 Dungeon Crawl Stone Soup version 0.30.0-12-gd5a94ecb5d (webtiles) character file.

Game seed: 15922855245165459286

1343 MacCMillion the Skirmisher (level 8, -1/39 HPs)
             Began as a Spriggan Hunter on May 17, 2023.
             Was a Believer of Okawaru.
             Engulfed by a steam dragon's steam (2 damage)
             ... on level 6 of the Dungeon.
             The game lasted 00:05:21 (4751 turns).

MacCMillion the Skirmisher (Spriggan Hunter)        Turns: 4751, Time: 00:05:21

Health: -1/39      AC:  3    Str:  7    XL:     8   Next: 35%
Magic:  0/9        EV: 20    Int: 16    God:    Okawaru [**....]
Gold:   193        SH:  0    Dex: 27    Spells: 7/7 levels left

rFire   . . .        a - +0 shortbow
rCold   . . .        (shield currently unavailable)
rNeg    . . .        c - +0 robe
rPois   .            (helmet restricted)
rElec   .            l - +0 cloak
rCorr   .            (gloves unavailable)
SInv    +            (boots unavailable)
Will    +....        s - amulet of guardian spirit
Stlth   +++          q - +6 ring of dexterity
HPRegen 0.26/turn    x - +6 ring of intelligence
MPRegen 0.11/turn

%: guardian spirit
@: very quick
A: very small, no large weapons, unfitting armour, see invisible, speed 3
a: Renounce Religion, Heroism


You were on level 6 of the Dungeon.
You worshipped Okawaru.
Okawaru was pleased with you.
You visited 2 branches of the dungeon, and saw 7 of its levels.

You collected 193 gold pieces.

Inventory:

Hand Weapons
 a - a +0 shortbow (weapon)
Armour
 c - a +0 robe (worn)
 l - a +0 cloak (worn)
Jewellery
 q - a +6 ring of dexterity (left hand)
 s - an amulet of guardian spirit (around neck)
 x - a +6 ring of intelligence (right hand)
 B - an amulet of the acrobat
 D - an amulet of reflection
Wands
 o - a wand of digging (5)
 y - a wand of flame (17)
 z - a wand of roots (6)
Scrolls
 b - a scroll of immolation
 d - 5 scrolls of identify {unknown}
 e - 4 scrolls of teleportation {unknown}
 f - a scroll of butterflies {unknown}
 k - 3 scrolls of enchant weapon {unknown}
 m - a scroll of poison {unknown}
 p - 2 scrolls of vulnerability {unknown}
 r - 2 scrolls of noise {unknown}
 t - a scroll of torment {unknown}
 u - 2 scrolls of blinking {unknown}
 v - a scroll of brand weapon {unknown}
 A - a scroll of fog {unknown}
Potions
 g - a potion of haste {unknown}
 h - 2 potions of attraction {unknown}
 i - 2 potions of mutation {unknown}
 j - 3 potions of brilliance {unknown}
 n - 2 potions of curing {unknown}
 w - a potion of berserk rage {unknown}
 C - a potion of flight {unknown}
 E - 2 potions of heal wounds {unknown}


   Skills:
 + Level 2.4 Fighting
 + Level 10.2 Ranged Weapons
 + Level 4.0 Dodging
 - Level 4.0 Stealth


You had 7 spell levels left.
You didn't know any spells.
Your spell library contained the following spells:

 Spells                   Type           Power      Damage    Failure   Level
 Freeze                   Ice            0%         1d3       26%         1
 Magic Dart               Conj           0%         1d3       26%         1
 Scorch                   Fire           0%         2d5       36%         2
 Inner Flame              Hex/Fire       0%         N/A       58%         3
 Mephitic Cloud           Conj/Pois/Air  0%         N/A       58%         3
 Vhi's Electric Charge    Tloc/Air       0%         N/A       58%         3
 Flame Wave               Conj/Fire      0%         2d4       94%         4
 Sticky Flame             Conj/Fire      0%         2d3       94%         4
 Arcjolt                  Conj/Air       0%         1d10      100%        5
 Freezing Cloud           Conj/Ice/Air   0%         6-21      100%        5
 Call Imp                 Summ           Unusable   N/A       N/A         2
 Simulacrum               Ice/Necr       Unusable   N/A       N/A         6
 Summon Cactus Giant      Summ           Unusable   N/A       N/A         6

Dungeon Overview and Level Annotations

Branches:
Dungeon (6/15)             Temple (1/1) D:4

Altars:
Ashenzari
Cheibriados
Elyvilon
Fedhas
Gozag
Hepliaklqana
Kikubaaqudgha
Makhleb
Nemelex Xobeh
Okawaru
Sif Muna
Trog
Xom
Yredelemnul
Zin
The Shining One


Innate Abilities, Weirdness & Mutations

You are very small and have problems with some larger weapons.
You are too small for most types of armour.
You have supernaturally acute eyesight. (SInv)
You cover ground extremely quickly. (Speed+++)


Message History

Moving in this stuff is going to be slow.
A steam dragon is nearby!
You shoot an arrow. The steam dragon hisses angrily.
The arrow hits the steam dragon but does no damage.
The steam dragon completely misses you. The steam dragon claws you.
You shoot an arrow. The arrow hits the steam dragon!
The steam dragon is moderately wounded.
You shoot an arrow. The arrow hits the steam dragon!
The steam dragon is severely wounded.
The steam dragon breathes steam at you. The ball of steam hits you!!
You are engulfed in a cloud of scalding steam.
You are engulfed in a cloud of scalding steam.
You are engulfed in a cloud of scalding steam.
* * * LOW HITPOINT WARNING * * *
The steam dragon hisses angrily.
There is a stone staircase leading up here.
You climb upwards.
There is a stone staircase leading down here.
You start resting.
Magic restored.
You start resting.
HP restored.
You climb downwards.
There is a stone staircase leading up here.
You shoot an arrow.
The arrow barely misses the steam dragon.
You shoot an arrow. The arrow hits the steam dragon!
The steam dragon is heavily wounded.
The steam dragon breathes steam at you. The ball of steam hits you!
No target in view!
The steam dragon breathes steam at you. The ball of steam hits you!
The steam dragon breathes steam at you. The ball of steam hits you!!
* * * LOW HITPOINT WARNING * * *
You are engulfed in a cloud of scalding steam.
You die...

#.##.#.|.###
########..
#....§§..# #..)
####.§D### ##..
###§# ##. #.# #..
#§# ####### #.#
#§# #.....####.#
#§# #........#.#
#@# #......#.#..
#§# #........###
#.# #.)...#.####
#.###########.....
#....# ######
####.#############
#.......##.....
#.#####.##.##..
#....##.##.##.#


There were no monsters in sight!

Vanquished Creatures
  A steam dragon (D:6)
  A water moccasin (D:6)
  A black bear (D:4)
  A sky beast (D:5)
  A centaur (D:5)
  A gnoll sergeant (D:5)
  2 scorpions
  A howler monkey (D:5)
  3 hounds
  A jelly (D:5)
  2 orc priests
  4 iguanas
  3 sleepcaps
  An orc wizard (D:5)
  4 gnolls (D:5)
  13 adders
  A white imp (D:5)
  2 worms
  15 orcs
  7 ball pythons
  6 endoplasms
  3 giant cockroaches
  3 goblins
  3 hobgoblins
  6 jackals
  8 kobolds
  6 quokkas
  7 bats
  3 frilled lizards (D:1)
  6 rats
  A spectral orc (D:3)
117 creatures vanquished.

Notes
Turn   | Place    | Note
-------+----------+-------------------------------------------
     0 | D:1      | MacCMillion the Spriggan Hunter began the quest for the
                  | Orb.
     0 | D:1      | Reached XP level 1. HP: 10/10 MP: 2/2
   597 | D:1      | Reached XP level 2. HP: 14/14 MP: 3/3
   951 | D:1      | Reached XP level 3. HP: 18/18 MP: 4/4
  1111 | D:2      | Reached skill level 5 in Ranged Weapons
  1116 | D:2      | Reached XP level 4. HP: 22/22 MP: 5/5
  1191 | D:2      | Found a blossoming altar of Fedhas.
  1296 | D:2      | Found a faded altar of an unknown god.
  1509 | D:3      | Reached XP level 5. HP: 25/25 MP: 6/6
  1637 | D:3      | Reached skill level 6 in Ranged Weapons
  1729 | D:3      | Found a glowing silver altar of Zin.
  1913 | D:3      | Found a basalt altar of Yredelemnul.
  2246 | D:3      | Found a white marble altar of Elyvilon.
  2344 | D:4      | Found a staircase to the Ecumenical Temple.
  2354 | Temple   | Entered the Ecumenical Temple
  2487 | Temple   | Became a worshipper of Warmaster Okawaru
  2543 | D:4      | Found a bloodstained altar of Trog.
  2721 | D:4      | Reached XP level 6. HP: 30/30 MP: 7/7
  2731 | D:4      | Reached skill level 7 in Ranged Weapons
  2771 | D:4      | Found a broken altar of Ashenzari.
  3139 | D:4      | Reached skill level 8 in Ranged Weapons
  3225 | D:5      | Entered Level 5 of the Dungeon
  3248 | D:5      | Reached XP level 7. HP: 32/33 MP: 6/8
  3455 | D:5      | Reached * piety under Okawaru
  3638 | D:5      | Reached skill level 9 in Ranged Weapons
  3684 | D:5      | Found a glowing silver altar of Zin.
  3715 | D:5      | Found a hazy altar of Hepliaklqana.
  3789 | D:5      | Reached XP level 8. HP: 37/37 MP: 9/9
  3815 | D:5      | Got the Handbook of Vapour and Frostbite
  4009 | D:6      | Reached skill level 10 in Ranged Weapons
  4035 | D:6      | Reached ** piety under Okawaru
  4750 | D:6      | HP: 1/39 [something/ball of steam (19)]
  4751 | D:6      | Engulfed by a steam dragon's steam

Illustrated notes

Levels and vault maps discovered:
D:1:      dpeg_arrival_lava_temple_mockup, layout_basic
D:2:      layout_basic, basic_altar, shapermc_ecumenical_altar_notcrosses,
          grunt_ministairs_2
D:3:      layout_basic, zin_treasury, yredelemnul_forgotten_temple_becter,
          nicolae_elyvilon_temple_path, minivault_23
D:4:      layout_basic, nicolae_ashenzari_skybound, mainiacjoe_overflow_catwalk,
          minmay_temple_entry_tees
D:5:      layout_basic, mainiacjoe_overflow_paths, minmay_ruined_shrine
D:6:      layout_loops_cross, serial_rivers, chequers_serial_rivers_micro_c,
          chequers_serial_rivers_micro_a, chequers_serial_rivers_marsh,
          chequers_serial_rivers_micro_b
Temple:   nicolae_temple_figure_zero

Skill      XL: |  1  2  3  4  5  6  7  8 |
---------------+-------------------------+-----
Stealth        | 2 3 4 |  4.0
Ranged Weapons | 5 6 8 9 10 | 10.2
Dodging        | 4 |  4.0
Fighting       | 2 |  2.4

Action                     |  1- 3 |  4- 6 |  7- 9 || total
---------------------------+-------+-------+-------++-------
   Fire: Shortbow          |    81 |   157 |   142 ||   380
 Armour: Robe              |       |     5 |     1 ||     6
  Dodge: Dodged            |    28 |    40 |    49 ||   117
